 Dungeon Crawl Stone Soup version 0.31-a0-1010-g5322dac6a2 (webtiles) character file.

Game seed: 18354827510488210775

6 kae the Vexing (level 1, 0/13 HPs)
             Began as a Demonspawn Enchanter on Nov 16, 2023.
             Slain by a quokka (2 damage)
             ... on level 1 of the Dungeon.
             The game lasted 00:00:10 (179 turns).

kae the Vexing (Demonspawn Enchanter)                Turns: 179, Time: 00:00:11

Health: 0/13       AC:  2    Str:  7 (8)  XL:     1   Next: 75%
Magic:  3/3        EV: 12    Int: 13 (16) God:
Gold:   0          SH:  0    Dex: 10 (13) Spells: 4/4 levels left

rFire   . . .        a - +1 dagger
rCold   . . .        (no shield)
rNeg    . . .        b - +0 robe
rPois   .            (no helmet)
rElec   .            (no cloak)
rCorr   .            (no gloves)
SInv    .            (no boots)
Will    .....        (no amulet)
Stlth   ++           (no ring)
HPRegen 0.22/turn    (no ring)
MPRegen 0.08/turn

%: no passive effects
@: invisible
A: no striking features
a: no special abilities


You were on level 1 of the Dungeon.
You visited 1 branch of the dungeon, and saw 1 of its levels.


   Skills:
 * Level 1.2 Short Blades
 - Level 1.7 Dodging
 + Level 2.8 Stealth
 + Level 2.1 Spellcasting
 + Level 3.0 Hexes


You had 4 spell levels left.
You didn't know any spells.
Your spell library contained the following spells:

 Spells                   Type           Power      Damage    Failure   Level
 Ensorcelled Hibernation  Hex/Ice        10%        N/A       21%         2
 Confusing Touch          Hex            9%         N/A       22%         3
 Tukima's Dance           Hex            9%         N/A       22%         3
 Dazzling Flash           Conj/Hex       10%        N/A       38%         3

Inventory:

Hand Weapons
 a - a +1 dagger (weapon)
Armour
 b - a +0 robe (worn)
Scrolls
 d - a scroll of identify {unknown}
Potions
 c - a potion of invisibility

Dungeon Overview and Level Annotations

Branches:
Dungeon (1/15) Zot: 5821

Altars:

###
#...[........# #
#.#########.## #
#. ### #.....#
#. #.. #.#####
#.##.###.#.#
###..#.#.#.#.#
.......#...#.#
...###...#.###.#
.......gr.hlr@.#
...###.##h#####
.....h†.##.#
......h###.#
......# ..#
...... ###
...... ..w..
..J..


You could see 2 quokkas, 2 jackals, a goblin (unable to see you) and a frilled
lizard (unable to see you).


Message History

Your hp is fully restored (13).
You closely miss the goblin. The goblin hits you but does no damage.
You completely miss the goblin. The goblin closely misses you.
You closely miss the goblin. The goblin hits you with a +0 dagger.
You hit the goblin. The goblin closely misses you. 😕 HP[-1]
You take 1 damage, and now have 12/13 hp.
You hit the goblin. The goblin hits you but does no damage.
You barely miss the goblin.
The goblin hits you but does no damage. 😎 HP[+1]
Your hp is fully restored (13).
A goblin is nearby!
You hit the goblin but do no damage. The goblin closely misses you.
You closely miss the goblin.
The goblin hits you with a +0 dagger. 😕 HP[-2]
You take 2 damage, and now have 11/13 hp.
A goblin is nearby!
You hit the goblin.
You kill the goblin!
No target in view! 😕 HP[+1]
Found a stone staircase leading down. 😎 HP[+1]
Your hp is fully restored (13).
No target in view!
No target in view!
A goblin comes into view. It is wielding a +0 club.
A goblin is nearby!
A goblin is nearby!
The helpless goblin fails to defend itself.
You puncture the goblin!
You kill the goblin!
Things that are here:
a +0 club; a goblin corpse
e - a white potion No target in view!
No target in view!
Things that are here:
a +0 club; a goblin corpse You see here a +0 leather armour.
Key pressed, stopping explore.
No target in view!
No target in view!
You open the door.
There is an open door here.
Key pressed, stopping explore.
No target in view!
No target in view!
You see here a +0 robe.
A ball python comes into view.
A goblin and a quokka come into view.
The ball python hisses angrily.
The goblin shouts!
There are monsters nearby!
A frilled lizard comes into view.
The frilled lizard hisses angrily.
You hit the ball python but do no damage.
The ball python barely misses you. x2
There are monsters nearby!
You hit the ball python. The ball python closely misses you. x2
You hit the ball python.
You kill the ball python!
There are monsters nearby!
You barely miss the quokka. The quokka misses you.
A jackal comes into view. x2
The jackal barks!
You hit the quokka. The goblin closely misses you.
The quokka twitches its whiskers.
The quokka misses you.
A quokka comes into view.
There are monsters nearby!
You closely miss the quokka. The goblin hits you with a +0 dagger.
The quokka misses you.
A jackal comes into view.
A dart slug comes into view.
You completely miss the quokka. The quokka bites you.
The goblin closely misses you.
An endoplasm comes into view. 😮 HP[-4]
You take 4 damage, and now have 9/13 hp.
MASSIVE DAMAGE!! (PAUSE)
The quokka bites you. 😮 HP[-1]
You take 1 damage, and now have 8/13 hp.
The quokka attacks as it pursues you! The quokka bites you. 😮 HP[-1]
You take 1 damage, and now have 7/13 hp.
The quokka attacks as it pursues you! The quokka misses you.
The quokka misses you.
You hit the quokka. The quokka bites you.
* * * LOW HITPOINT WARNING * * *
😱 HP[-5]
You take 5 damage, and now have 2/13 hp.
MASSIVE DAMAGE!! (PAUSE) It was a potion of degeneration.
There was something very wrong with that liquid.
You feel weakened.
You feel dopey.
You feel clumsy. The quokka bites you.
* * * LOW HITPOINT WARNING * * *
You fade into invisibility!
The quokka bites you.
You die...

Skill      XL: |  1 |
---------------+----+-----
Short Blades   | 1 |  1.2
Dodging        | |  1.7
Stealth        | |  2.8
Spellcasting   | |  2.1
Hexes          | |  3.0

Action                     || total
---------------------------++-------
  Melee: Dagger            ||    22
    Use: Potion            ||     2
   Stab: Sleeping          ||     2
 Armour: Robe              ||    14
  Dodge: Dodged            ||    17

Levels and vault maps discovered:
D:1:      dpeg_arrival_concentric_ovals, layout_basic

Notes
Turn   | Place    | Note
-------+----------+-------------------------------------------
     0 | D:1      | kae the Demonspawn Enchanter began the quest for the Orb.
     0 | D:1      | Reached XP level 1. HP: 13/13 MP: 3/3
     0 | D:1      | magus.rc [v1.11.3]
    60 | D:1      | Reached skill level 1 in Short Blades
   177 | D:1      | HP: 2/13 [quokka (5)]
   179 | D:1      | Slain by a quokka

Vanquished Creatures
  A giant cockroach (D:1)
  2 goblins (D:1)
  2 ball pythons (D:1)
5 creatures vanquished.

Table legend:
 A = Non-vault XP
 B = Vault XP
 C = Vault XP percentage of total XP
 D = Non-vault monster count
 E = Vault monster count
 F = Vault count percentage of total count
                 A         B        C        D         E       F
            +---------+---------+-------+---------+---------+-------
      Total |       9 |       0 |   0.0 |       5 |       0 |   0.0
            +---------+---------+-------+---------+---------+-------
        D:1 |       9 |       0 |   0.0 |       5 |       0 |   0.0
            +---------+---------+-------+---------+---------+-------

Skill      XL: |  1 |
---------------+----+-----
Short Blades   | 1 |  1.2
Dodging        | |  1.7
Stealth        | |  2.8
Spellcasting   | |  2.1
Hexes          | |  3.0

Action                     || total
---------------------------++-------
  Melee: Dagger            ||    22
    Use: Potion            ||     2
   Stab: Sleeping          ||     2
 Armour: Robe              ||    14
  Dodge: Dodged            ||    17

Illustrated notes

Table legend:
 A = Kills in this place as a percentage of kills in the entire game.
 B = Kills by you in this place as a percentage of kills by you in the entire game.
 C = Kills by friends in this place as a percentage of kills by friends in the entire game.
 D = Other kills in this place as a percentage of other kills in the entire game.
 E = Experience gained in this place as a percentage of experience gained in the entire game.
 F = Experience gained in this place divided by the number of levels of this place that you have seen.
                   A       B       C       D       E      F
               +-------+-------+-------+-------+-------+----------------------
         Total | 100.0 | 100.0 |   N/A |   N/A | 100.0 |   9.0
       Dungeon | 100.0 | 100.0 |   N/A |   N/A | 100.0 |   9.0
               +-------+-------+-------+-------+-------+----------------------

Table legend: (Time is in decaauts)
 A = Elapsed time spent in this place.
 B = Non-inter-level travel time spent in this place.
 C = Inter-level travel time spent in this place.
 D = Time resting spent in this place.
 E = Time spent auto-exploring this place.
 F = Levels seen in this place.
 G = Mean time per level.
                   A        B        C        D        E       F      G
               +--------+--------+--------+--------+--------+-----+--------+
         Total |    177 |    177 |      0 |      0 |    132 |   1 |  177.0 |
       Dungeon |    177 |    177 |      0 |      0 |    132 |   1 |  177.0 |
               +--------+--------+--------+--------+--------+-----+--------+

Top non-repeatable levels by time:
     D:1: 177 daAuts
